 Dungeon Crawl Stone Soup version 0.21.1-1-g345015f (webtiles) character file.

8007 empire the Blocker (level 11, -7/89 HPs)
             Began as a Gnoll Fighter on Apr 6, 2018.
             Was a Believer of Cheibriados.
             Mangled by Snorg (17 damage)
             ... on level 11 of the Dungeon.
             The game lasted 00:27:26 (9773 turns).

empire the Blocker (Gnoll Fighter)                  Turns: 9773, Time: 00:27:26

Health: -7/89      AC: 14    Str: 25    XL:     11   Next: 24%
Magic:  0/20       EV: 12    Int: 24    God:    Cheibriados [**....]
Gold:   352        SH: 12    Dex: 21    Spells: 17/22 levels left

rFire    . . .     SeeInvis .   a - +2 broad axe
rCold    . . .     Gourm    .   c - +0 shield
rNeg     . . .     Faith    .   r - +0 ring mail
rPois    .         Spirit   +   e - +0 helmet
rElec    .         Reflect  .   i - scarf {Spirit}
rCorr    .         Harm     .   F - +2 pair of gloves
MR       .....                  R - +2 pair of boots
Stlth    ++........             B - amulet of magic regeneration
HPRegen  0.24/turn              j - +3 ring of intelligence
MPRegen  0.42/turn              (no ring)

@: brilliant, heavily drained, very slow
A: distributed training, fangs 1, strong nose
a: Bend Time, Renounce Religion


You were on level 11 of the Dungeon.
You worshipped Cheibriados.
Cheibriados was pleased with you.
You were not hungry.

You visited 2 branches of the dungeon, and saw 12 of its levels.

You collected 595 gold pieces.
You spent 243 gold pieces at shops.

Inventory:

Hand Weapons
 a - a +2 broad axe (weapon)
 b - a +3 scythe of freezing
 C - a +1 halberd of flaming
 H - a +1 glaive of venom
 M - a +0 battleaxe
 O - the +5 trident of Agony {pierce, +Rage Dex-5 SInv}
   (You found it on level 9 of the Dungeon)

   It inflicts extra damage upon your enemies.
   It affects your dexterity (-5).
   It lets you see invisible.
   It lets you go berserk.
 Q - a +0 arbalest
Missiles
 h - 22 poisoned needles
 t - 8 poisoned javelins (quivered)
Armour
 c - a +0 shield (worn)
 e - a +0 helmet (worn)
 i - a scarf of spirit shield (worn)
 r - a +0 ring mail (worn)
 A - the +1 ring mail of Fashionability {rElec rC+ Dex-5}
   (You bought it in a shop on level 10 of the Dungeon)

   It affects your dexterity (-5).
   It protects you from cold.
   It insulates you from electricity.
 F - a +2 pair of gloves (worn)
 R - a +2 pair of boots (worn)
Jewellery
 j - a +3 ring of intelligence (left hand)
 l - an uncursed ring of ice
 m - an uncursed ring of wizardry
 B - an amulet of magic regeneration (around neck)
Wands
 v - a wand of flame (17)
 E - a wand of paralysis (8)
 J - a wand of digging (15)
 N - a wand of polymorph (21)
Scrolls
 g - a scroll of remove curse
 w - 8 scrolls of noise
 y - 8 scrolls of teleportation
 G - a scroll of identify
 I - a scroll of fog
Potions
 k - a potion of magic
 o - a potion of cancellation
 p - 3 potions of mutation
 s - 2 potions of curing
 u - 4 potions of lignification
 x - a potion of flight
 z - a potion of invisibility
 L - a potion of brilliance
Books
 D - a book of Battle

   Spells                             Type                      Level
   a - Infusion                       Charms                       1
   b - Shroud of Golubria             Charms/Translocation         2
   c - Song of Slaying                Charms                       2
   d - Spectral Weapon                Hexes/Charms                 3
   e - Regeneration                   Charms/Necromancy            3
Comestibles
 d - 12 chunks of flesh
 f - 23 rations


   Skills:
 + Level 9.0(6.9) Fighting
 + Level 6.0(4.0) Short Blades
 + Level 6.0(4.0) Long Blades
 + Level 7.6(5.6) Axes
 + Level 6.0(4.0) Maces & Flails
 + Level 6.0(4.0) Polearms
 + Level 6.0(4.0) Staves
 + Level 6.0(4.0) Slings
 + Level 6.0(4.0) Bows
 + Level 6.0(4.0) Crossbows
 + Level 6.0(4.0) Throwing
 + Level 9.0(6.9) Armour
 + Level 6.0(4.0) Dodging
 + Level 6.0(4.0) Stealth
 + Level 9.0(6.9) Shields
 + Level 6.0(4.0) Unarmed Combat
 + Level 6.0(4.0) Spellcasting
 + Level 5.0(3.1) Conjurations
 + Level 5.0(3.1) Hexes
 + Level 5.0(3.1) Charms
 + Level 5.0(3.1) Summonings
 + Level 5.0(3.1) Necromancy
 + Level 5.0(3.1) Translocations
 + Level 5.0(3.1) Transmutations
 + Level 5.0(3.1) Fire Magic
 + Level 5.0(3.1) Ice Magic
 + Level 5.0(3.1) Air Magic
 + Level 5.0(3.1) Earth Magic
 + Level 5.0(3.1) Poison Magic
 + Level 6.6(4.6) Invocations
 + Level 6.0(4.0) Evocations


You had 17 spell levels left.
You knew the following spells:

 Your Spells              Type           Power        Failure   Level  Hunger
a - Shroud of Golubria    Chrm/Tloc      ####......   2%          2    #......
b - Regeneration          Chrm/Necr      ####......   4%          3    ##.....


Dungeon Overview and Level Annotations

Branches:
Dungeon (11/15)            Temple (1/1) D:4            Lair (0/6) D:11
    Orc (0/2) D:9

Altars:
Ashenzari
Cheibriados
Dithmenos
Elyvilon
Fedhas
Gozag
Hepliaklqana
Kikubaaqudgha
Makhleb
Nemelex Xobeh
Okawaru
Qazlal
Ru
Sif Muna
Trog
Uskayaw
Vehumet
Wu Jian
Xom
Yredelemnul
Zin
The Shining One

Shops:
D:5 =   D:8 [   D:10 [

Annotations:
D:11 Snorg


Innate Abilities, Weirdness & Mutations

Your experience applies equally to all skills.
You have very sharp teeth.
Your uncanny sense of smell can sniff out nearby items.


Message History

You block Snorg's attack. x2; Snorg claws you!!
You block Snorg's attack. Snorg claws you but does no damage.
Snorg closely misses you.
You barely miss Snorg. You bite Snorg, but do no damage.
Snorg is almost dead.
You block Snorg's attack. x3; Snorg bites you but does no damage.
Snorg claws you! Snorg claws you but does no damage.
You completely miss Snorg. Your bite misses Snorg.
Snorg is almost dead.
Snorg bites you!!
You block Snorg's attack. x3; Snorg claws you!
Snorg barely misses you.
You slash Snorg!
Snorg is almost dead.
You block Snorg's attack. Snorg claws you but does no damage. Snorg claws you!
* * * LOW HITPOINT WARNING * * *
Snorg closely misses you. x2; You block Snorg's attack.
You feel clever all of a sudden. Snorg bites you!!
* * * LOW HITPOINT WARNING * * *
You block Snorg's attack. Snorg claws you!!
You die...

#.#.. ....## ..###
.#### #...# ##.
##...## . #.....#
#.....# #.....#
#.....# ##.##
##...T.# ....##
#....@.# ###..#
......#..# ###.###
.##.#.#..########
##.....### #
#.#.........#
.........##
#.##.######.#
..........####....#
.......P.......)###
.)..>.......###.###
...........##.....#


You could see Snorg (berserk).

Vanquished Creatures
  The ghost of iamserjio the Fighter, a novice OpMo of Dithmenos (D:9)
  A gargoyle (D:11)
  3 yaks (D:11)
  A wraith (D:10)
  4 hogs (D:7)
  Sigmund (D:2)
  A human (D:7)
  3 wargs (D:11)
  3 sky beasts
  5 orc warriors
  4 ice beasts
  4 phantoms
  9 centaurs
  3 ogres
  5 bullfrogs
  4 scorpions
  4 killer bees (D:9)
  3 howler monkeys
  7 crimson imps
  2 bullfrog zombies
  4 orc priests
  9 hounds
  4 jellies
  4 bullfrog skeletons
  Crazy Yiuf (D:3)
  2 iguanas
  Ijyb (D:4)
  12 orc wizards
  11 worker ants
  A killer bee zombie (D:8)
  3 hound skeletons
  A worker ant zombie (D:7)
  Robin (D:2)
  7 gnolls
  5 adders
  4 shadow imps
  An ooze (D:1)
  An adder skeleton (D:5)
  5 worms
  A dart slug (D:1)
  8 leopard geckos
  34 orcs
  4 ball pythons
  2 giant cockroaches
  7 hobgoblins
  2 jackals (D:7)
  4 kobolds
  2 quokkas
  A ball python skeleton (D:4)
  2 bats
  3 frilled lizards
  18 goblins
  A jackal zombie (D:5)
  A quokka zombie (D:6)
  5 rats
240 creatures vanquished.

Vanquished Creatures (collateral kills)
  2 yaks (D:11)
  A quasit (D:11)
3 creatures vanquished.

Vanquished Creatures (others)
  An orc wizard (D:11)
1 creature vanquished.

Grand Total: 244 creatures vanquished

Notes
Turn   | Place    | Note
-------+----------+-------------------------------------------
     0 | D:1      | empire the Gnoll Fighter began the quest for the Orb.
     0 | D:1      | Reached XP level 1. HP: 23/23 MP: 1/1
   105 | D:1      | Reached XP level 2. HP: 26/29 MP: 2/2
   562 | D:1      | Reached XP level 3. HP: 35/35 MP: 3/3
   848 | D:2      | Reached skill level 1 in Invocations
  1115 | D:2      | Reached skill level 1 in Short Blades
  1115 | D:2      | Reached skill level 1 in Long Blades
  1115 | D:2      | Reached skill level 1 in Maces & Flails
  1115 | D:2      | Reached skill level 1 in Polearms
  1115 | D:2      | Reached skill level 1 in Staves
  1115 | D:2      | Reached skill level 1 in Slings
  1115 | D:2      | Reached skill level 1 in Bows
  1115 | D:2      | Reached skill level 1 in Crossbows
  1115 | D:2      | Reached skill level 1 in Throwing
  1115 | D:2      | Reached skill level 1 in Dodging
  1115 | D:2      | Reached skill level 1 in Stealth
  1115 | D:2      | Reached skill level 1 in Unarmed Combat
  1115 | D:2      | Reached skill level 1 in Spellcasting
  1115 | D:2      | Reached skill level 1 in Evocations
  1124 | D:2      | Reached XP level 4. HP: 37/41 MP: 5/5
  1204 | D:2      | Noticed Sigmund
  1215 | D:2      | Killed Sigmund
  1215 | D:2      | Reached skill level 1 in Conjurations
  1215 | D:2      | Reached skill level 1 in Hexes
  1215 | D:2      | Reached skill level 1 in Charms
  1215 | D:2      | Reached skill level 1 in Summonings
  1215 | D:2      | Reached skill level 1 in Necromancy
  1215 | D:2      | Reached skill level 1 in Translocations
  1215 | D:2      | Reached skill level 1 in Transmutations
  1215 | D:2      | Reached skill level 1 in Fire Magic
  1215 | D:2      | Reached skill level 1 in Ice Magic
  1215 | D:2      | Reached skill level 1 in Air Magic
  1215 | D:2      | Reached skill level 1 in Earth Magic
  1215 | D:2      | Reached skill level 1 in Poison Magic
  1215 | D:2      | Reached XP level 5. HP: 24/47 MP: 3/7
  1244 | D:2      | Noticed Robin
  1248 | D:2      | Reached XP level 6. HP: 32/53 MP: 6/8
  1252 | D:2      | Killed Robin
  1644 | D:3      | Reached skill level 5 in Axes
  1827 | D:3      | Found a runed door.
  2034 | D:3      | Noticed Crazy Yiuf
  2042 | D:3      | Killed Crazy Yiuf
  2211 | D:4      | Noticed Ijyb
  2227 | D:4      | Killed Ijyb
  2227 | D:4      | Reached XP level 7. HP: 57/59 MP: 3/10
  2289 | D:4      | Found an ornate altar of the Wu Jian Council.
  2500 | D:4      | Found a staircase to the Ecumenical Temple.
  2506 | Temple   | Entered the Ecumenical Temple
  3130 | D:5      | Entered Level 5 of the Dungeon
  3354 | D:5      | Reached XP level 8. HP: 55/67 MP: 9/12
  3543 | D:5      | Found Tonuzamn's Jewellery Emporium.
  4183 | D:6      | Learned a level 2 spell: Shroud of Golubria
  4187 | D:6      | Learned a level 3 spell: Regeneration
  4814 | D:7      | Reached XP level 9. HP: 72/72 MP: 14/14
  4840 | D:7      | Found a stormy altar of Qazlal.
  5352 | D:7      | Reached skill level 5 in Invocations
  5922 | D:8      | Found Hiec's Antique Armour Boutique.
  6193 | D:8      | Found a sacrificial altar of Ru.
  6193 | D:8      | Found a hazy altar of Hepliaklqana.
  6210 | D:8      | Reached XP level 10. HP: 62/80 MP: 12/17
  6545 | D:8      | Reached skill level 5 in Short Blades
  6545 | D:8      | Reached skill level 5 in Long Blades
  6545 | D:8      | Reached skill level 5 in Maces & Flails
  6545 | D:8      | Reached skill level 5 in Polearms
  6545 | D:8      | Reached skill level 5 in Staves
  6545 | D:8      | Reached skill level 5 in Slings
  6545 | D:8      | Reached skill level 5 in Bows
  6545 | D:8      | Reached skill level 5 in Crossbows
  6545 | D:8      | Reached skill level 5 in Throwing
  6545 | D:8      | Reached skill level 5 in Dodging
  6545 | D:8      | Reached skill level 5 in Stealth
  6545 | D:8      | Reached skill level 5 in Unarmed Combat
  6545 | D:8      | Reached skill level 5 in Spellcasting
  6545 | D:8      | Reached skill level 5 in Evocations
  6786 | D:8      | Found a white marble altar of Elyvilon.
  6789 | D:8      | Found a radiant altar of Vehumet.
  6798 | D:8      | Found a glowing golden altar of the Shining One.
  6799 | D:8      | Found a snail-covered altar of Cheibriados.
  6800 | D:8      | Found a deep blue altar of Sif Muna.
  6805 | D:8      | Became a worshipper of Cheibriados the Contemplative
  6981 | D:9      | Noticed iamserjio's ghost (novice OpMo)
  6993 | D:9      | Was placed under penance by Cheibriados
  7039 | D:9      | Killed iamserjio's ghost
  7082 | D:9      | Was forgiven by Cheibriados
  7789 | D:9      | Got a warped trident
  7790 | D:9      | Identified the +5 trident of Agony {pierce, +Rage Dex-5 SInv} (You found it on level 9 of the Dungeon)
  7922 | D:9      | Found a staircase to the Orcish Mines.
  8114 | D:9      | Reached * piety under Cheibriados
  8755 | D:10     | Entered Level 10 of the Dungeon
  8756 | D:10     | Found Wunuap's Antique Armour Boutique.
  8764 | D:10     | Bought a polished ring mail for 243 gold pieces
  8764 | D:10     | Identified the +1 ring mail of Fashionability {rElec rC+ Dex-5} (You bought it in a shop on level 10 of the Dungeon)
  9196 | D:11     | Reached XP level 11. HP: 45/87 MP: 13/19
  9300 | D:11     | Reached ** piety under Cheibriados
  9573 | D:11     | Found a staircase to the Lair.
  9755 | D:11     | Reached skill level 5 in Conjurations
  9755 | D:11     | Reached skill level 5 in Hexes
  9755 | D:11     | Reached skill level 5 in Charms
  9755 | D:11     | Reached skill level 5 in Summonings
  9755 | D:11     | Reached skill level 5 in Necromancy
  9755 | D:11     | Reached skill level 5 in Translocations
  9755 | D:11     | Reached skill level 5 in Transmutations
  9755 | D:11     | Reached skill level 5 in Fire Magic
  9755 | D:11     | Reached skill level 5 in Ice Magic
  9755 | D:11     | Reached skill level 5 in Air Magic
  9755 | D:11     | Reached skill level 5 in Earth Magic
  9755 | D:11     | Reached skill level 5 in Poison Magic
  9761 | D:11     | Noticed Snorg
  9773 | D:11     | Mangled by Snorg

Skill      XL: |  1  2  3  4  5  6  7  8  9 10 11 |
---------------+----------------------------------+-----
Invocations    | 1 2 3 4 5 6 |  6.6
Short Blades   | 1 2 3 4 5 6 |  6.0
Long Blades    | 1 2 3 4 5 6 |  6.0
Maces & Flails | 1 2 3 4 5 6 |  6.0
Polearms       | 1 2 3 4 5 6 |  6.0
Staves         | 1 2 3 4 5 6 |  6.0
Slings         | 1 2 3 4 5 6 |  6.0
Bows           | 1 2 3 4 5 6 |  6.0
Crossbows      | 1 2 3 4 5 6 |  6.0
Throwing       | 1 2 3 4 5 6 |  6.0
Dodging        | 1 2 3 4 5 6 |  6.0
Stealth        | 1 2 3 4 5 6 |  6.0
Unarmed Combat | 1 2 3 4 5 6 |  6.0
Spellcasting   | 1 2 3 4 5 6 |  6.0
Evocations     | 1 2 3 4 5 6 |  6.0
Conjurations   | 1 2 3 4 5 |  5.0
Hexes          | 1 2 3 4 5 |  5.0
Charms         | 1 2 3 4 5 |  5.0
Summonings     | 1 2 3 4 5 |  5.0
Necromancy     | 1 2 3 4 5 |  5.0
Translocations | 1 2 3 4 5 |  5.0
Transmutations | 1 2 3 4 5 |  5.0
Fire Magic     | 1 2 3 4 5 |  5.0
Ice Magic      | 1 2 3 4 5 |  5.0
Air Magic      | 1 2 3 4 5 |  5.0
Earth Magic    | 1 2 3 4 5 |  5.0
Poison Magic   | 1 2 3 4 5 |  5.0
Axes           | 5 6 7 |  7.6
Fighting       | 7 8 9 |  9.0
Armour         | 7 8 9 |  9.0
Shields        | 7 8 9 |  9.0

Action                   |  1- 3 |  4- 6 |  7- 9 | 10-12 || total
-------------------------+-------+-------+-------+-------++-------
Melee: War axe           |    77 |    94 |   210 |       ||   381
       Bite              |     5 |    13 |    48 |    41 ||   107
       Long sword        |       |       |    31 |       ||    31
       Scythe            |       |       |    26 |       ||    26
       Broad axe         |       |       |    42 |   330 ||   372
Throw: Javelin           |       |       |     3 |    16 ||    19
Evoke: Wand              |       |       |       |    22 ||    22
  Use: Scroll            |     3 |     2 |    19 |     9 ||    33
       Potion            |       |     4 |     1 |     9 ||    14
 Stab: Sleeping          |       |       |     2 |     1 ||     3
       Invisible         |       |       |       |     3 ||     3
  Eat: Chunk             |       |     4 |     8 |     9 ||    21
       Ration            |       |       |     2 |       ||     2
Armor: Scale mail        |    36 |    23 |    91 |       ||   150
       Ring mail         |       |       |    61 |   242 ||   303
Dodge: Dodged            |    24 |    32 |   173 |   154 ||   383
Block: Shield            |    38 |    57 |   163 |   205 ||   463
       Rpst.: Long sword |       |       |     5 |       ||     5
